[Event "Grand Chess Tour: Superbet Poland Rapid & Blitz 2023"]
[Site "Chess.com"]
[Date "2023.05.24"]
[Round "27"]
[White "Carlsen, Magnus"]
[Black "Duda, Jan Krzysztof"]
[Result "1/2-1/2"]
[WhiteElo "2853"]
[BlackElo "2724"]
[ECO "B27"]
[EventDate "2023.??.??"]
[Annotator "rafael"]
[PlyCount "247"]
[Beauty "2891586735635"]
[EventType "blitz"]
[TimeControl "1500+10"]

1.e4 c5 2.Nf3 b6 {Desperately needing to win, Duda chooses an offbeat variation of the Sicilian Defense.} 3.d4 cxd4 4.Nxd4 Bb7 5.Nc3 a6 {This is like the Najdorf Defense, only ten times worse for Black.} ( 5...Nf6 {This move was played against me in 2005. White has many paths to achieve an opening advantage.} 6.Bg5 {I played this natural move since capturing the e4-pawn is suicide. Leitao-Limp, Sao Paulo 2005.} ( 6.e5 {is also good.} ) ) 6.Bg5 Qc7 7.Nd5 {Carlsen goes for the kill.} ( 7.Qd2 {Curiously, this move was played by Duda himself in a Titled Tuesday. Duda-Martin Duque, Titled Tuesday 2022.} ) 7...Qe5 8.Be3 e6 $2 {[%c_effect e6;square;e6;type;Mistake;persistent;true] This loses on the spot.} ( 8...Bxd5 {is better, although White has a much better position after} 9.exd5 Qxd5 10.Be2 ) 9.Nf3 $1 {[%c_effect f3;square;f3;type;GreatFind;persistent;true] White wins the exchange.} 9...Qxe4 10.Nc7+ Ke7 11.Nxa8 Bxa8 12.Qd4 {The simplest, forcing a queen exchange.} 12...b5 $6 ( 12...Qxd4 13.Bxd4 Nf6 14.Bxb6 {Led to a win for White in Groszpeter-Berezjuk, Pardubice 2000.} ) 13.a4 $6 ( 13.Qc5+ {wins the game immediately:} 13...d6 14.Qc7+ Nd7 15.a4 {White wins easily, for instance:} 15...Qb4+ ( 15...bxa4 16.Bxa6 Nf6 17.O-O ) 16.c3 Qxb2 17.Rd1 Bd5 ( 17...d5 18.Bc5+ Kf6 19.Qf4+ Kg6 20.Qg5# ) 18.Bxb5 $5 {[%c_effect b5;square;b5;type;Interesting;persistent;true] Not necessary, but pretty.} 18...axb5 19.Rxd5 $1 exd5 20.O-O Nf6 21.Bg5 {with a winning attack.} ) 13...Qxd4 14.Nxd4 b4 15.a5 $6 {[%c_effect a5;square;a5;type;Inaccuracy;persistent;true] This gives Black time to defend the b4-pawn.} ( 15.Bd2 $1 {[%c_effect d2;square;d2;type;GreatFind;persistent;true] wins without problems.} ) 15...Nf6 16.Nb3 Nd5 17.Ba7 ( 17.Bd2 ) 17...Nc6 18.Bb6 ( 18.Bc5+ {is better:} 18...d6 19.Be3 ) 18...g5 $1 19.Bxa6 Bg7 {Now Black has serious compensation for the exchange.} 20.Ra2 Rb8 $2 {[%c_effect b8;square;b8;type;Mistake;persistent;true] The wrong move order.} ( 20...Nxb6 21.axb6 Rb8 {Transposes to the game.} ) 21.Be2 $2 ( 21.Bc5+ d6 22.Be3 Nxe3 23.fxe3 Ne5 24.Be2 {White keeps the important passed pawn on the a-file and has good winning chances, even though he only needed a draw.} ) 21...Nxb6 22.axb6 Nd4 23.Nxd4 Bxd4 24.Bf3 Bxf3 25.gxf3 b3 26.cxb3 Rxb6 {Despite being an exchange down, now it's Black who's pressing.} 27.h4 $1 {[%c_effect h4;square;h4;type;GreatFind;persistent;true] An important rule of thumb is that the defending side should try to exchange pawns in the endgame.} 27...h6 28.hxg5 hxg5 29.Ke2 Rxb3 30.Rd1 {Carlsen surrenders the b-pawn to exchange rooks.} 30...Bb6 ( 30...Rxb2+ 31.Rxb2 Bxb2 {This leads to the endgame that will show up on the board later.} ) 31.Rd3 Rb5 ( 31...Rxd3 $6 {[%c_effect d3;square;d3;type;Inaccuracy;persistent;true] makes White's task much easier, as the passed b-pawn is left on the board.} 32.Kxd3 Bxf2 33.b4 ) 32.b3 f5 33.Ra4 Bc5 34.b4 Bb6 ( 34...Rxb4 35.Rxb4 Bxb4 ) 35.Rb3 Kf6 36.Ra8 {Preparing to pin the bishop with Rb8.} 36...Bc5 37.Ra5 {Finally forcing the exchange of rooks.} 37...Rxb4 38.Rxb4 Bxb4 {How to evaluate this endgame $2 Black has two pawns for the exchange, and they will soon start moving, but the rook puts up a good fight. In the comfort of my office, enjoying the air conditioning, a cup of coffee, and with the engine on, I can see it's a draw. But this is far from easy to prove with little time on the clock, as we're about to see.} 39.Ra7 d6 40.Rd7 Bc5 41.Rh7 Ke5 42.Rg7 Kf4 43.Rg6 e5 44.Rg8 Bd4 45.Rd8 Bc5 46.Ra8 g4 47.Ra4+ Bd4 48.fxg4 Kxg4 {Clearly the best chance. The pawns should remain united.} ( 48...fxg4 49.Ra8 e4 50.Rf8+ Ke5 51.Rg8 {is an easy draw.} ) 49.f3+ Kf4 50.Ra8 e4 51.fxe4 fxe4 {We have arrived at the most interesting part of this game. I can't understand why some chess players don't enjoy studying the endgame. So many treasures can be found in positions with only a few pieces left.} 52.Rf8+ Ke5 53.Re8+ Kd5 54.Kd2 Bc5 55.Ke2 Kd4 {White can't stop the pawns from advancing until a certain point.} 56.Ra8 d5 57.Ra4+ Ke5 58.Ra5 Bb6 59.Rb5 Bg1 60.Rb1 Bc5 61.Rh1 d4 62.Rh5+ Kd6 63.Rf5 Bb4 64.Rh5 Ke6 65.Rb5 Bd6 66.Rh5 Bf4 67.Rh3 Kd5 68.Rh5+ Ke6 ( 68...Kc4 $2 {[%c_effect c4;square;c4;type;Mistake;persistent;true] loses the e-pawn after} 69.Rh4 ) 69.Rh3 {For now, Carlsen manages to stop the advance of the pawns, but Duda keeps maneuvering.} 69...Kd6 70.Ra3 Kc5 71.Ra5+ Kb4 72.Rd5 $2 {[%c_effect d5;square;d5;type;Mistake;persistent;true] This move allows the decisive advance of the d-pawn.} ( 72.Rh5 $1 {[%c_effect h5;square;h5;type;GreatFind;persistent;true] is necessary. The rook goes to h4 and the e4-pawn cannot be protected.} 72...d3+ 73.Kd1 Kc3 74.Rh4 {with a draw.} ) 72...Kc4 73.Rf5 d3+ 74.Kd1 Bg3 $2 {[%c_effect g3;square;g3;type;Mistake;persistent;true] This allows White to improve the rook's position and achieve a draw again. Needless to say, it's impossibly hard to think about all these details with only seconds on the clock.} ( 74...Bd6 {is winning:} 75.Rf6 Be5 76.Rg6 e3 77.Rg2 Bc3 {The rook is tied up, and there's no defense against the plan of bringing Black's king to the kingside.} 78.Rh2 Kd5 79.Rh5+ Ke4 80.Rh4+ Kf3 81.Rh3+ Kf2 82.Rh2+ Kf1 83.Rh1+ Kg2 {followed by the advance of the e-pawn.} ) 75.Rg5 $1 {[%c_effect g5;square;g5;type;GreatFind;persistent;true] Carlsen finds the only move. The rook goes to g4.} 75...Bf2 ( 75...Bd6 76.Rg4 Kd4 77.Rh4 Bb4 78.Rg4 {Black can't break the resistance, for example:} 78...Bc3 79.Rh4 Kd5 80.Rh5+ Be5 81.Kd2 $1 {[%c_effect d2;square;d2;type;GreatFind;persistent;true] Remember this pattern: we will see it again in this game. The king approaches the pawn when it has the chance.} ( 81.Rh3 $2 Bd4 82.Rh5+ Kc4 {Black wins as the pawn advances to e3.} ) 81...Kd4 82.Rh4 Bf6 83.Rg4 {with a miraculous draw.} ) 76.Rg4 ( 76.Re5 {In this case, White gets a draw even when the pawn advances to e3 due to the unfortunate position of the bishop.} 76...e3 ( 76...Kd4 {gives more practical chances.} ) 77.Re8 {Black can't make progress since the bishop cannot be used as a \"bridge\" for the king to reach the kingside.} ) 76...Kd5 77.Rg8 $2 {[%c_effect g8;square;g8;type;Mistake;persistent;true] This loses.} ( 77.Kd2 $1 {[%c_effect d2;square;d2;type;GreatFind;persistent;true] The king approaches whenever possible.} 77...Kd4 78.Kd1 {The king can come back as now the e-pawn is pinned.} 78...Ke3 79.Rg7 {The rook gets ready for the checks.} ) 77...Kd4 $2 {[%c_effect d4;square;d4;type;Mistake;persistent;true] Now it's a draw again.} ( 77...Bd4 $1 {[%c_effect d4;square;d4;type;GreatFind;persistent;true] Wins: The pawn reaches e3 with the bishop in a favorable square.} 78.Rd8+ ( 78.Kd2 Kc4 79.Rc8+ Bc5 ) 78...Kc4 79.Re8 e3 80.Re7 Kd5 {The king starts its march.} 81.Re8 Be5 82.Rd8+ Ke4 83.Re8 Kf5 84.Rf8+ Kg4 85.Rg8+ Kf3 86.Rf8+ Bf4 {with a win.} ) 78.Rd8+ {The assessment doesn't change for a long time now. Carlsen accurately avoids the advance of the e-pawn.} 78...Ke3 79.Re8 Bh4 80.Re6 Bd8 81.Re8 Ba5 82.Re7 Bb4 83.Re8 Kf3 84.Rd8 Kf4 85.Rd7 Ke3 86.Rd8 Bc3 87.Rd7 Kf4 88.Rd8 Ke5 89.Rd7 Bb4 90.Rd8 Be7 91.Re8 Kd6 92.Kd2 $1 Bg5+ 93.Kc3 $1 Kd5 94.Ra8 Bf6+ 95.Kd2 Bg5+ 96.Kc3 Ke5 97.Rf8 Bf4 98.Rf7 Be3 99.Rf8 Bd4+ 100.Kd2 Bc5 101.Rf7 Kd4 102.Rf4 Bb4+ 103.Kd1 Bc3 104.Rh4 Kd5 ( 104...Ke3 {There is a pretty drawing variation here:} 105.Rh3+ ( 105.Rh7 {This is the easiest way to achieve a draw.} ) 105...Kf2 106.Rh2+ Kg3 107.Ra2 e3 {It seems that Black is going to play 108...Kf3 and win the game, but White has a study-like draw with the move} ( 107...Kf3 108.Ra3 $1 {[%c_effect a3;square;a3;type;GreatFind;persistent;true] The computer indicates the draw, although it's still not so easy.} ) 108.Rd2 $3 {[%c_effect d2;square;d2;type;Brilliant;persistent;true] After the rook is captured, we have a stalemate on the board. Some players are against the stalemate rule, something I could never quite understand. How many beautiful drawing variations would be lost if we had no stalemate $2} ) 105.Rh5+ $1 ( 105.Rh3 $2 Bd4 {Black manages to advance the pawn to e3.} ) 105...Ke6 106.Rc5 Bd4 107.Ra5 Kd6 108.Ra8 Ke5 ( 108...e3 {doesn't work now due to} 109.Ra3 $1 e2+ 110.Kd2 ) 109.Re8+ Kf4 110.Rd8 Bc3 111.Rf8+ Ke3 112.Re8 Ba5 113.Re6 Kd4 114.Rd6+ Kc4 115.Re6 Kd5 116.Re8 ( 116.Re7 $2 {[%c_effect e7;square;e7;type;Mistake;persistent;true] This move loses. By now, you should probably understand how tricky this endgame is.} 116...Bb6 $1 117.Kd2 Kd4 118.Rd7+ Kc4 ) 116...Kd4 117.Ra8 $1 {[%c_effect a8;square;a8;type;GreatFind;persistent;true] The only move.} 117...Bc7 118.Rc8 $2 {[%c_effect c8;square;c8;type;Mistake;persistent;true] This loses again.} ( 118.Ra4+ Ke5 119.Kd2 $1 Kf5 120.Rd4 Bf4+ 121.Kd1 Ke5 122.Rd8 {and White avoids the pawn advance.} ) ( 118.Ra7 {is also a draw.} ) 118...Bf4 $2 {[%c_effect f4;square;f4;type;Mistake;persistent;true] The last mistake of the game.} ( 118...Bb6 $1 119.Rb8 Bc5 $1 120.Rd8+ Kc4 {The pawn goes to e3, and Black wins with the march of the king, as we have previously seen in the analysis.} ) 119.Rd8+ Kc3 ( 119...Ke3 120.Rd7 {Black cannot make progress.} ) 120.Rc8+ Kb3 121.Rf8 Bh6 122.Rh8 Bg7 123.Re8 {The e-pawn is captured.} 123...Kc3 124.Rxe4 {A truly titanic battle $1} 1/2-1/2

[Event "Norway Chess Blitz 2023"]
[Site "Chess.com"]
[Date "2023.05.29"]
[Round "6"]
[White "Nakamura, Hikaru"]
[Black "Carlsen, Magnus"]
[Result "0-1"]
[WhiteElo "2775"]
[BlackElo "2853"]
[ECO "D03"]
[EventDate "2023.??.??"]
[Annotator "rafael"]
[PlyCount "152"]
[Beauty "5498900332579"]
[EventType "blitz"]
[TimeControl "180+2"]

1.d4 d5 2.Nf3 Nf6 3.Bg5 Ne4 4.Bf4 c5 5.e3 Nc6 6.Nbd2 Bf5 7.c3 e6 8.Qb3 Qd7 9.Bb5 ( 9.Ne5 $6 {[%c_effect e5;square;e5;type;Inaccuracy;persistent;true] was tried in a GM blitz game, but Black is much better after} 9...Nxe5 10.Bxe5 Nxd2 11.Kxd2 c4 {What's the king doing in the middle of the board $2 Cori-Bacallao Alonso Iberoamericano (blitz) 2020.} ) 9...Nxd2 10.Kxd2 $6 {[%c_effect d2;square;d2;type;Inaccuracy;persistent;true] An optimistic capture, leaving the king in the center. The truth is that White is already a little worse, but it's better to take with the knight.} ( 10.Nxd2 c4 ( 10...a6 ) ) 10...f6 {Preventing a knight jump to e5.} 11.Qa4 Rc8 12.dxc5 e5 13.Bg3 ( 13.Bxe5 $2 {[%c_effect e5;square;e5;type;Mistake;persistent;true] White has nothing to show for this sacrifice after} 13...fxe5 14.Nxe5 Qe6 ) 13...Bxc5 {With the control of the center, White's king stuck in the middle, and the g3-bishop out of play, Black has a clear advantage.} 14.Rhd1 {Preparing to bring the king to e1.} 14...a6 15.Be2 Ne7 $1 {[%c_effect e7;square;e7;type;GreatFind;persistent;true] This is not forced, but I like this decision. The queens are exchanged, and the knight goes to f5. Black can advance the kingside pawns to increase the initiative.} 16.Qxd7+ Bxd7 17.Ke1 Be6 18.h3 Kf7 19.Nd2 h5 $1 20.Rac1 Nf5 21.Bh2 Nd6 $6 {[%c_effect d6;square;d6;type;Inaccuracy;persistent;true] This is inaccurate.} ( 21...g5 $1 {[%c_effect g5;square;g5;type;GreatFind;persistent;true] is very unpleasant for White. The g-pawn is ready to be pushed forward. After the natural:} 22.e4 dxe4 23.Nxe4 Be7 {Black is clearly better. The h2-bishop is shut off from the game.} ) 22.Bf3 g5 23.Nb3 Ne4 $6 ( 23...Nc4 {is better:} 24.Nxc5 ( 24.Bxd5 $2 Nxb2 ) 24...Rxc5 25.b3 g4 $1 26.Be2 Nb6 {Black still has a small advantage.} ) 24.Nxc5 Rxc5 25.c4 $1 {[%c_effect c4;square;c4;type;GreatFind;persistent;true] Nakamura finally manages to get counterplay.} 25...g4 $6 ( 25...Ke7 {is simpler. The position is drawn after} 26.cxd5 Rxc1 27.Rxc1 Bxd5 28.Bxe4 Bxe4 29.f3 Bc6 30.e4 ) 26.cxd5 gxf3 27.dxe6+ Kxe6 28.gxf3 Rxc1 29.Rxc1 Ng5 30.Ke2 Nxh3 31.f4 $1 {[%c_effect f4;square;f4;type;GreatFind;persistent;true] The position becomes very risky for Black as now the knight is trapped on h3.} ( 31.Rc7 {leads to a draw after} 31...Rg8 32.Rxb7 h4 {Preparing 33...Rg2.} 33.Kf1 Ng5 34.Ke2 Nh3 ) 31...e4 $2 ( 31...Kf5 {is necessary.} ) 32.Kf1 Rg8 ( 32...Kf5 $1 {[%c_effect f5;square;f5;type;GreatFind;persistent;true] Again this move is better.} ) 33.Rc5 $1 {[%c_effect c5;square;c5;type;GreatFind;persistent;true] An excellent move, preventing the activation of Black's king.} 33...f5 34.Re5+ $1 ( 34.Rc7 {is also good, but the move played is even better.} 34...Rd8 35.Kg2 Nxf2 36.Kxf2 Rd2+ 37.Kg3 Rxb2 {In a classical game, White should win; in a blitz game, anything still can happen.} ) 34...Kf6 35.Bg3 $1 Rg4 36.Re8 h4 37.Bh2 Kg6 38.Rh8 $6 ( 38.Rf8 $1 {[%c_effect f8;square;f8;type;GreatFind;persistent;true] This is the best move, and Black soon will have to resign, as his pieces are paralyzed. Sooner or later the king has to move, and the f-pawn is captured.} ) 38...Kg7 39.Rb8 b5 40.Rb7+ ( 40.Rb6 {is better. An interesting endgame arises after} 40...Rg6 41.Rxg6+ Kxg6 42.Kg2 Nxf2 43.Kxf2 Kh5 44.Kg2 Kg4 45.b4 h3+ 46.Kf2 Kh4 {Black is trying to set up a fortress, and it's not easy to win with seconds on the clock. The computer, as usual, is not impressed and claims White is winning after} 47.Bg3+ Kg4 48.a3 Kh5 49.Kg1 Kg4 50.Kh2 Kf3 51.Kxh3 Kxe3 52.Kg2 Kd2 53.Kf2 e3+ 54.Kg2 e2 55.Kf3 e1=Q 56.Bxe1+ Kxe1 57.Ke3 $1 {[%c_effect e3;square;e3;type;GreatFind;persistent;true] This is the point: The pawn endgame is winning. White's f-pawn will be quicker than Black's queenside.} ) 40...Kg6 41.Rb6+ $2 ( 41.Rb8 $1 {[%c_effect b8;square;b8;type;GreatFind;persistent;true] is better, either transposing to the variation we saw earlier or paralyzing Black after} 41...Kh5 42.Rh8+ Kg6 43.Rf8 $1 ) 41...Kh5 42.Rxa6 Rg7 43.Rf6 Kg4 44.Kg2 Nxf2 $1 {[%c_effect f2;square;f2;type;GreatFind;persistent;true] This is Black's resource. The position becomes sharp and is now equal, but it's easier to play with Black.} 45.Kxf2 Kh3 46.Bg1 Rg2+ 47.Kf1 Rxb2 48.Bf2 Kg4 49.Rg6+ ( 49.a3 {is equal.} ) 49...Kf3 50.Bxh4 Rb1+ 51.Be1 Kxe3 52.Rb6 ( 52.Rg3+ Kxf4 53.Rb3 Rxb3 54.axb3 {The endgame is drawn with careful play.} 54...Kf3 55.b4 f4 56.Bh4 e3 57.Be7 Ke4 58.Ke1 f3 59.Kf1 Kd3 60.Bg5 {Black can't make progress.} ) 52...Kf3 53.Rh6 e3 54.Rh3+ Ke4 55.Rh5 ( 55.Rh8 $1 {[%c_effect h8;square;h8;type;GreatFind;persistent;true] White can escape with some computer moves:} 55...Ra1 ( 55...Kxf4 56.Ke2 $1 Rb2+ 57.Kd3 Rxa2 58.Rh4+ {The e-pawn falls.} ) 56.Rc8 Rxa2 57.Rc5 Rb2 58.Bc3 $1 Rc2 59.Bb4 ) 55...b4 ( 55...Kxf4 {is also possible.} ) 56.Rh2 Ra1 57.Rb2 Kf3 58.Rh2 Kxf4 59.Rh4+ Kf3 60.Rh3+ Ke4 61.Rh2 f4 62.Rb2 Kf3 63.Rh2 Rb1 64.Rh3+ ( 64.Rc2 {White can make a draw by keeping the rook on the second rank.} ) 64...Ke4 65.Rh4 $2 {[%c_effect h4;square;h4;type;Mistake;persistent;true] This move loses. The rook should stay on the second rank.} ( 65.Rh2 ) 65...Rb2 $6 ( 65...Ra1 $1 {[%c_effect a1;square;a1;type;GreatFind;persistent;true] is more accurate:} 66.Rh2 ( 66.Rh8 f3 67.Re8+ Kd3 68.Rd8+ Kc2 69.Rc8+ Kb2 ) 66...f3 $1 67.Rh4+ Kd3 68.Rxb4 f2 ) 66.Bg3 $2 {[%c_effect g3;square;g3;type;Mistake;persistent;true] The final mistake.} ( 66.Rh8 $1 {[%c_effect h8;square;h8;type;GreatFind;persistent;true] White still has drawing chances. With the rook on b2, 66...f3 no longer wins.} 66...f3 67.Re8+ Kd3 68.Rd8+ Kc2 69.Rc8+ Kb1 70.Re8 f2 71.Bxb4 $1 Rxb4 72.Rxe3 {with a draw.} ) 66...Kf3 $1 {[%c_effect f3;square;f3;type;GreatFind;persistent;true] Black is now completely winning.} 67.Be1 ( 67.Bxf4 Rb1# ) 67...Rxa2 ( 67...e2+ {also wins:} 68.Kg1 Rb1 69.Rh3+ Kg4 ) 68.Rh3+ Kg4 69.Rh4+ Kg5 70.Rh8 b3 71.Rb8 b2 {The pawns are too strong.} 72.Rb5+ Kg4 73.Rb4 Kf5 74.Rb8 f3 75.Rb4 f2 76.Bxf2 exf2 ( 76...exf2 77.Kxf2 b1=Q+ ) 0-1

[Event "Pro Chess League 2023"]
[Site "Chess.com"]
[Date "2023.05.11"]
[Round "1"]
[White "Kosteniuk, Alexandra"]
[Black "Erigaisi, Arjun"]
[Result "0-1"]
[WhiteElo "2535"]
[BlackElo "2701"]
[ECO "C02"]
[EventDate "2023.??.??"]
[Annotator "rafael"]
[PlyCount "72"]
[Beauty "7907169018436"]
[EventType "schev"]
[EventRounds "3"]
[TimeControl "600+2"]

1.e4 e6 {I always get a smile on my face when I see the French Defense on the board. Who doesn't like to see the renegades and the underdogs having their moment of glory $2 Of all the great defenses against the king's pawn, none are bullied as much as the French, and I must confess that I'm also to blame for this.} 2.d4 d5 3.e5 {3.Nd2, 3.Nc3, and 3.e5 are all equally good for White. Just don't play 3.exd5.} 3...c5 4.c3 Nc6 5.Nf3 Bd7 6.Be2 f6 7.O-O fxe5 8.Nxe5 Nxe5 9.dxe5 Qc7 {Erigaisi had this position in a few recent games.} 10.Re1 ( 10.c4 {is the main move.} ) 10...O-O-O {Every opening variation where kings are castled to opposite sides is a crowd-pleaser.} 11.Bf1 Ne7 12.a4 {White prepares the development of the knight on a3.} ( 12.Nd2 {was played by the World Champion against Erigaisi.} 12...Nf5 13.Nf3 Be7 14.b4 Kb8 {with a complicated game in Ding-Erigaisi, Danzhou (rapid) 2022.} ) 12...Nf5 ( 12...Nc6 {is played most often, but it's worse.} 13.Na3 a6 14.b4 $1 {[%c_effect b4;square;b4;type;GreatFind;persistent;true] with a strong attack.} ) 13.Na3 c4 $1 {[%c_effect c4;square;c4;type;GreatFind;persistent;true] The bishop is ready to go to c5.} 14.g4 $6 {[%c_effect g4;square;g4;type;Inaccuracy;persistent;true] A new move. The weakening of the kingside is too high a price to dislodge the imposing black knight.} ( 14.b4 $1 cxb3 15.Qxb3 Bc5 16.Nb5 Bxb5 17.axb5 Kb8 {with a balanced game. Moussard-Edouard, Paris 2022..} ) 14...Nh6 ( 14...Nh4 $1 {[%c_effect h4;square;h4;type;GreatFind;persistent;true] is a nice exchange sac.} 15.Bg5 Ng6 16.Bxd8 Qxd8 {with excellent compensation due to the weakened dark squares.} ) 15.Bg5 ( 15.Nc2 $1 {[%c_effect c2;square;c2;type;GreatFind;persistent;true] is better.} ) 15...Bc5 $1 {[%c_effect c5;square;c5;type;GreatFind;persistent;true] Erigaisi wastes no time moving the rook to e8.} 16.Nc2 ( 16.Bxd8 Qxd8 {The queen comes to h4 with a strong attack. This is one of the problems of the structure with the pawn on g4.} ) 16...Rdf8 17.Nd4 Nf7 18.Bf4 Nd8 $5 ( 18...h5 {The knight may go to another route after} 19.gxh5 Nh6 $1 {[%c_effect h6;square;h6;type;GreatFind;persistent;true] followed by Nf5, with pressure on the kingside.} ) 19.Bg3 ( 19.Be3 Qxe5 ( 19...h5 {is also very good.} ) 20.Nxe6 {This looks good for White but meets a spectacular refutation:} 20...Rxf2 $3 21.Kxf2 ( 21.Bxf2 Bxf2+ 22.Kxf2 Qxh2+ ) 21...Qxh2+ 22.Bg2 Nxe6 23.Bxc5 Nxc5 {with a decisive attack.} ) 19...Nc6 20.Nb5 $6 ( 20.b3 $1 {[%c_effect b3;square;b3;type;GreatFind;persistent;true] is the best chance to complicate the game.} ) 20...Qb6 21.Qc2 Na5 {In just 21 moves, the knight performed the following journey: e7-f5-h6-f7-d8-c6-a5. Surely a hard-working piece. Now it wants to land on b3 and finally have a well-deserved rest.} 22.Nd6+ Kb8 23.Bg2 h5 $1 {[%c_effect h5;square;h5;type;GreatFind;persistent;true] This breaks White's kingside.} 24.gxh5 {Necessary, otherwise Black plays h4 next.} 24...Rxh5 25.Re2 Rh6 26.Kh1 a6 {Erigaisi makes some preparatory moves before the final onslaught.} ( 26...Nb3 {is already decisive.} ) 27.f4 g6 {Solid play, avoiding any counterplay related to f4-f5.} 28.Bf3 Nb3 29.Ra2 {This is a move that one plays with tears in one's eyes. The rook is out of the game forever. Maybe it's better to part with the a4-pawn, but the result will ultimately be the same.} ( 29.Rf1 Bxa4 ) 29...Be3 {The pawn on f4 is attacked, and there's no way to defend it.} 30.Bxd5 {A desperate sacrifice.} 30...exd5 31.f5 Bxf5 32.Nxf5 Rxf5 33.e6+ Kc8 34.e7 Kd7 35.Qd1 Qe6 36.Rg2 Qxe7 0-1